 Dungeon Crawl Stone Soup version 0.32-a0-868-g153ae1a8d6 (webtiles) character file.

Game seed: 15587320762745915042

74 zenocrate the Digger (level 4, 0/27 HPs)
             Began as an Octopode Earth Elementalist on Mar 29, 2024.
             Slain by a river rat (4 damage)
             ... on level 3 of the Dungeon.
             The game lasted 00:03:13 (1932 turns).

zenocrate the Digger (Octopode Earth Elementalist)  Turns: 1932, Time: 00:03:13

Health: 0/27       AC:  1    Str:  7    XL:     4   Next: 30%
Magic:  3/7        EV: 12    Int: 19    God:
Gold:   74         SH:  0    Dex: 12    Spells: 7/8 levels left

rFire   + . .        b - staff of fire
rCold   . . .        (no shield)
rNeg    + . .        (helmet currently unavailable)
rPois   .            (no amulet)
rElec   .            c - ring of positive energy
rCorr   .            (no ring)
SInv    .            (no ring)
Will    .....        (no ring)
Stlth   +++          (no ring)
HPRegen 0.24/turn    (no ring)
MPRegen 0.10/turn    (no ring)
                     (no ring)

%: no passive effects
@: about to teleport, beast-form
A: beast (slay +0), almost no armour, amphibious, 8 rings, camouflage 1,
gelatinous body 1, (nimble swimmer 1), tentacles
a: Begin Untransformation


You were on level 3 of the Dungeon.
You were a hulking beast.
You visited 1 branch of the dungeon, and saw 3 of its levels.

You collected 117 gold pieces.
You spent 43 gold pieces at shops.

Inventory:

Magical Staves
 b - a staff of fire (weapon)
Jewellery
 c - a ring of positive energy (left tentacle)
Talismans
 l - a beast talisman (active)
Scrolls
 d - 2 scrolls of teleportation
 f - a scroll of identify {unknown}
 i - a scroll of blinking {unknown}
 j - a scroll of fog {unknown}
Potions
 a - 2 potions of magic
 e - 2 potions of curing {unknown}
 g - 2 potions of degeneration {unknown}
 h - a potion of mutation {unknown}
 k - a potion of attraction {unknown}


   Skills:
 - Level 2.0 Dodging
 + Level 3.0 Stealth
 + Level 1.4 Unarmed Combat
 - Level 2.5 Spellcasting
 - Level 1.8 Conjurations
 - Level 3.4 Earth Magic
 - Level 1.1 Evocations
 + Level 0.5 Shapeshifting


You had 7 spell levels left.
You knew the following spells:

 Your Spells              Type           Power      Damage    Failure   Level
a - Sandblast             Erth           30%        2d9       4%          1

Your spell library contained the following spells:

 Spells                   Type           Power      Damage    Failure   Level
 Passwall                 Erth           15%        N/A       12%         3
 Stone Arrow              Conj/Erth      24%        3d8       17%         3
 Ensorcelled Hibernation  Hex/Ice        4%         N/A       24%         2
 Sublimation of Blood     Necr           2%         N/A       24%         2
 Fugue of the Fallen      Necr           2%         N/A       43%         3
 Sigil of Binding         Hex            2%         N/A       43%         3
 Brom's Barrelling Bould  Conj/Erth      12%        2d4       50%         4
 Petrify                  Alch/Erth      8%         N/A       61%         4
 Anguish                  Hex/Necr       1%         N/A       85%         4
 Irradiate                Conj/Alch      2%         3d12      97%         5
 Death Channel            Necr           1%         N/A       100%        6
 Sculpt Simulacrum        Ice/Alch       1%         N/A       100%        6


Dungeon Overview and Level Annotations

Branches:
Dungeon (3/15)

Altars:
Qazlal

Shops:
D:2 *!=!


Innate Abilities, Weirdness & Mutations

You are a hulking beast.
Your limbs bulge with bestial killing power. (Slay +0)
You cannot wear most types of armour.
You are amphibious.
You can wear up to eight rings at the same time.
Your skin changes colour to match your surroundings (Stealth+).
Your rubbery body absorbs attacks. (AC +1, EV +1)
((You are camouflaged when in or above water. (Stealth+)))
You have tentacles for arms and can constrict up to eight enemies at once.


Message History

Aiming: Sandblast (safe; 4% risk of failure)
Press: ? - help, Shift-Dir - straight line, f/p - river rat
Aim: a river rat (severely wounded, 80% to hit)
The blast of sand hits the river rat but does no damage.
The river rat is severely wounded.
The river rat bites you!
Unknown command.
Casting: Sandblast (safe; 4% risk of failure)
Confirm with . or Enter, or press ? or * to list all spells.
Aiming: Sandblast (safe; 4% risk of failure)
Press: ? - help, Shift-Dir - straight line, f/p - river rat
Aim: a river rat (severely wounded, 80% to hit)
The blast of sand hits the river rat but does no damage.
The river rat is severely wounded.
The river rat misses you. The river rat bites you!
Unknown command.
Okay, then.
Okay, then.
Okay, then.
Okay, then.
The river rat attacks as it pursues you!
The river rat barely misses you.
Unknown command.
As you read the scroll of teleportation, it crumbles to dust.
You feel strangely unstable. The river rat barely misses you.
Unknown command.
The river rat attacks as it pursues you!
The river rat closely misses you.
Unknown command.
Casting: Sandblast (safe; 4% risk of failure)
Confirm with . or Enter, or press ? or * to list all spells.
Aiming: Sandblast (safe; 4% risk of failure)
Press: ? - help, Shift-Dir - straight line, f/p - river rat
Aim: a river rat (severely wounded, 80% to hit)
The blast of sand hits the river rat but does no damage.
The river rat is severely wounded.
The river rat closely misses you. The river rat bites you.
* * * LOW HITPOINT WARNING * * *
The river rat bites you.
You die...

#.......~# ~~~
#........##≈~~
#..!......~..
#####..........##.
..................
................#
................#
.........rr.....#
........!hr.....#
................#
................#
.....)..........#
................#
......#####'#####
...... #.# .....
#.# ..... #.#


You could see 3 river rats.

Vanquished Creatures
  A gnoll (D:2)
  4 adders
  A dart slug (D:2)
  A ribbon worm (D:2)
  3 endoplasms
  3 giant cockroaches (D:1)
  A goblin (D:2)
  3 hobgoblins
  A quokka (D:2)
  A bat (D:2)
  A frilled lizard (D:2)
  3 kobolds
  A rat (D:1)
24 creatures vanquished.

Notes
Turn   | Place    | Note
-------+----------+-------------------------------------------
     0 | D:1      | zenocrate the Octopode Earth Elementalist began the quest
                  | for the Orb.
     0 | D:1      | Reached XP level 1. HP: 11/11 MP: 3/3
   650 | D:1      | Reached XP level 2. HP: 17/17 MP: 3/5
  1016 | D:2      | Found Sifu's Assorted Antiques.
  1027 | D:2      | Found Issy's Jewellery Emporium.
  1029 | D:2      | Found Hukaph's Distillery.
  1031 | D:2      | Bought 2 fizzy white potions for 43 gold pieces
  1136 | D:2      | Found a stormy altar of Qazlal.
  1343 | D:2      | Found Woecadu's Distillery.
  1457 | D:2      | Reached skill level 1 in Evocations
  1457 | D:2      | Reached XP level 3. HP: 13/21 MP: 2/6
  1608 | D:2      | Reached skill level 1 in Unarmed Combat
  1804 | D:2      | Found a faded altar of an unknown god.
  1849 | D:3      | Reached XP level 4. HP: 27/27 MP: 5/7
  1932 | D:3      | Slain by a river rat

Illustrated notes

Levels and vault maps discovered:
D:1:      co_arrival_random_square_maze, layout_loops_ring,
          serial_co_window_serial, co_window_corner_a, co_window_paths_b,
          co_window_of_opportunity_a, co_window_of_opportunity_a,
          co_window_paths_a, co_window_unsneaky_path_e, co_window_corner_ca,
          co_window_corner_b, co_window_corner_ca, co_window_corner_b,
          co_window_broadway_c
D:2:      layout_loops_ring, dreamdust_ecumenical_altar_sealed_demon,
          basic_altar, serial_shops, nicolae_shop_industrial_runoff, shop, shop,
          shop, minmay_split_cup_large
D:3:      layout_basic, cheibrodos_sewer_entry_sluice, uniq_crazy_yiuf_cottage,
          uniq_robin

Skill      XL: |  1  2  3  4 |
---------------+-------------+-----
Evocations     | 1 |  1.1
Unarmed Combat | 1 |  1.4
Stealth        | 3 |  3.0
Dodging        | |  2.0
Spellcasting   | |  2.5
Conjurations   | |  1.8
Earth Magic    | |  3.4
Shapeshifting  | |  0.5

Action                     |  1- 3 |  4- 6 || total
---------------------------+-------+-------++-------
  Melee: Staff             |    13 |     1 ||    14
         Constrict         |     4 |       ||     4
         Tentacles         |     3 |     1 ||     4
         Unarmed           |     2 |       ||     2
   Cast: Sandblast         |    25 |     8 ||    33
    Use: Scroll            |     1 |     1 ||     2
   Stab: Sleeping          |     1 |       ||     1
 Armour: Skin              |     6 |     5 ||    11
  Dodge: Dodged            |    12 |     7 ||    19
   Form: Beast             |     1 |       ||     1

Table legend: (Time is in decaauts)
 A = Elapsed time spent in this place.
 B = Non-inter-level travel time spent in this place.
 C = Inter-level travel time spent in this place.
 D = Time resting spent in this place.
 E = Time spent auto-exploring this place.
 F = Levels seen in this place.
 G = Mean time per level.
                   A        B        C        D        E       F      G
               +--------+--------+--------+--------+--------+-----+--------+
         Total |   1948 |   1865 |     83 |      2 |   1670 |   3 |  649.3 |
       Dungeon |   1948 |   1865 |     83 |      2 |   1670 |   3 |  649.3 |
               +--------+--------+--------+--------+--------+-----+--------+

Top non-repeatable levels by time:
     D:1: 1018 daAuts
     D:2: 840 daAuts
     D:3: 88 daAuts
